[Event "NJSK 2022 Jeugd B"]
[Site "Almelo, Netherlands"]
[Date "2022.05.03"]
[Round "3.9"]
[White "Knol, Daniel"]
[Black "Alvares, Thomas"]
[Result "0-1"]
[TimeControl "90min/40moves + 30min + 30sec/move"]
[WhiteElo "1685"]
[BlackElo "1789"]

1. e4 e5 2. Nf3 Nc6 3. Bc4 Nf6 4.
d3 Bc5 5. c3 a6 6. O-O d6 7. Re1 Ba7 8. Be3 O-O 9. Bxa7 Rxa7 10. Nbd2 b5 11. Bb3 Na5 12. d4 Nxb3 13. Nxb3 Qe7 14.
Na5 Bd7 15. d5 Nh5 16. g3 g6 17. a4 Raa8 18. axb5 axb5 19. Nc6 Qe8 20. Nb4 f5 21. exf5 Rxa1 22. Qxa1 gxf5 23. Nh4 f4 24.
Nd3 Qf7 25. Qd1 fxg3 26. hxg3 Nf6 27. Nb4 Ng4 28. f3 Nf6 29. Rf1 Qg7 30. Kh2 Kh8 31. Rg1 e4 32. Kg2 exf3+ 33. Nxf3 Bg4 34.
Rf1 Qh6 35. Rh1 Qe3 36. Nc2 Qe4 37. Rf1 Kg8 38. Ncd4 Nxd5 39. Qb3 Kh8 40. Rf2 Ne3+ 41. Kh2 Bxf3 42. Rxf3 Rxf3 43. Nxf3 Qxf3 44. Kh3 Qh1# 0-1

[Event "NJSK 2022 Jeugd B"]
[Site "Almelo, Netherlands"]
[Date "2022.05.04"]
[Round "4.1"]
[White "Van der Hagen, Loek"]
[Black "Slagboom, Leandro"]
[Result "1/2-1/2"]
[TimeControl "90min/40moves + 30min + 30sec/move"]
[WhiteElo "2071"]
[BlackElo "1997"]

1. e4 e6 2. d4 d5 3. Nc3 Bb4 4. e5 c5 5. a3 Bxc3+ 6. bxc3 Ne7 7. Qg4 Qc7 8. Qxg7 Rg8 9. Qxh7 cxd4 10.
Ne2 Nbc6 11. f4 dxc3 12. Qd3 d4 13. Nxd4 Nxd4 14. Qxd4 Bd7 15. Rg1 Nf5 16. Qf2 Qc6 17. Bd3 Qd5 18.
Be3 Nxe3 19. Qxe3 Rxg2 20. Rxg2 Qxg2 21. Be4 Qxh2 22. O-O-O Bc6 23. Bxc6+ bxc6 24. Qd4 a5 25. Kb1 Qe2 26. a4 Qg2 27. Rg1 Rb8+ 28. Ka1 Rb4 29.
Qa7 Rxa4+ 30. Kb1 Rb4+ 1/2-1/2

[Event "NJSK 2022 Jeugd B"]
[Site "Almelo, Netherlands"]
[Date "2022.05.04"]
[Round "4.2"]
[White "Achuthan, Dylan"]
[Black "Niemeijer, Leon"]
[Result "1-0"]
[TimeControl "90min/40moves + 30min + 30sec/move"]
[WhiteElo "1995"]
[BlackElo "1693"]

1. e4 e6 2. b3 d5 3. Bb2 dxe4 4. Nc3 Nf6 5. Qe2 b6 6. Nxe4 Bb7 7. Nxf6+ gxf6 8. O-O-O Rg8 9. f4 Nd7 10.
Nf3 Qe7 11. g3 O-O-O 12. Bg2 e5 13. fxe5 fxe5 14. Nxe5 Nxe5 15. Bxb7+ Kxb7 16. Qxe5 Qxe5 17. Bxe5 Bh6 18. Rhf1 Rd5 19.
Bf4 Bg7 20. Rde1 Rd7 21. Re4 f6 22. Re6 Rf8 23. Be3 c5 24. Rf5 Rff7 25. Rh5 Bf8 26. Bf4 Rde7 27. Rxe7+ Rxe7 28. Kd1 Kc6 29.
Bh6 Bxh6 30. Rxh6 Rf7 31. Ke2 Kd5 32. Kf3 Ke5 33. g4 Rg7 34. h3 Rf7 35. Rh5+ Ke6 36. c3 Rd7 37. Ke3 Re7 38. d4 cxd4+ 39. Kxd4 Rd7+ 40. Kc4 a6 41.
Kb4 Rg7 42. c4 Kd6 43. Kc3 Ke6 44. b4 Kd6 45. a4 Re7 46. a5 Kc7 47. axb6+ Kxb6 48. Rh6 Kc7 49. Rxf6 Re3+ 50. Kd4 Rxh3 51.
Rxa6 Rh4 52. Kc5 Kb7 53. Rd6 Rxg4 54. Rd7+ Kc8 55. Rxh7 Rg6 56. Kb5 Rg5+ 57. c5 Rg6 58. c6 Rg4 59.
Kc5 Kd8 60. b5 Rg5+ 61. Kb6 Rg6 62. Rh8+ Ke7 63. Kb7 Rg7 64. c7 Kd6 65. Rh6+ Kc5 66. Kb8 Kxb5 67. c8=Q 1-0

[Event "NJSK 2022 Jeugd B"]
[Site "Almelo, Netherlands"]
[Date "2022.05.04"]
[Round "4.3"]
[White "Smid, Jelle"]
[Black "Wage, Sander"]
[Result "1/2-1/2"]
[TimeControl "90min/40moves + 30min + 30sec/move"]
[WhiteElo "1450"]
[BlackElo "1859"]

1. d4 Nf6 2. c4 g6 3. Nc3 Bg7 4. e4 d6 5. h3 O-O 6. Be3 c5 7. Nge2 Qa5 8. Qd2 Nc6 9. Rd1 b6 10.
g3 cxd4 11. Nxd4 Ne5 12. f4 Bb7 13. fxe5 dxe5 14. Nb3 Qb4 15. Nd5 Qxd2+ 16. Nxd2 Nh5 17. Nxe7+ Kh8 18. g4 Ng3 19. Rg1 Nxe4 20.
Nxe4 Bxe4 21. Bg2 Bxg2 22. Rxg2 f5 23. gxf5 gxf5 24. Rd7 f4 25. Bf2 e4 26. Nf5 Bxb2 27. Rg5 Rad8 28. Bd4+ Bxd4 29.
Rxd4 Rxd4 30. Nxd4 h6 31. Rf5 Rc8 32. Rxf4 Rxc4 33. Rxe4 Ra4 34. Re8+ Kh7 35. Nc6 Rxa2 36. Re7+ Kg6 37.
Rxa7 Rh2 38. Ra3 Rb2 39. Ne5+ Kf5 40. Nd3 Rb5 41. Ke2 Rb1 42. Ra4 Rh1 43. Nf2 Rb1 44. Nd3 Rh1 45. h4 Rb1 46.
Rf4+ Kg6 47. Ke3 Ra1 48. Rb4 Kh5 49. Ne5 Ra5 50. Nf3 b5 51. Rb3 Kg4 1/2-1/2

[Event "NJSK 2022 Jeugd B"]
[Site "Almelo, Netherlands"]
[Date "2022.05.04"]
[Round "4.5"]
[White "Wierenga, Jael"]
[Black "Klaren, Oscar"]
[Result "0-1"]
[TimeControl "90min/40moves + 30min + 30sec/move"]
[WhiteElo "1691"]
[BlackElo "1878"]

1. d4 Nf6 2. Bf4 d5 3. e3 e6 4.
Nd2 c5 5. c3 Nc6 6. Ngf3 cxd4 7. exd4 Nh5 8. Be3 Bd6 9. Ne5 Nf6 10. Bb5 Bd7 11. Nxd7 Nxd7 12. Qg4 O-O 13. f4 Nf6 14.
Qe2 Qc7 15. O-O Ne7 16. Bd3 Nf5 17. g3 a6 18. a4 Rfe8 19. Nf3 Nxe3 20. Qxe3 Nd7 21. Rf2 f6 22. Qd2 e5 23. fxe5 fxe5 24.
dxe5 Nxe5 25. Nxe5 Rxe5 26. Re2 Bc5+ 27. Kg2 Rae8 28. Rae1 Rxe2+ 29. Rxe2 Rf8 30. b4 Qf7 31. Re5 Qf3+ 32. Kh3 Rf6 33. bxc5 Rh6+ 34.
Qxh6 gxh6 35. Bf5 Kg7 36. Bg4 Qf1+ 37. Kh4 Qf6+ 0-1

[Event "NJSK 2022 Jeugd B"]
[Site "Almelo, Netherlands"]
[Date "2022.05.04"]
[Round "4.6"]
[White "Van Egmond, Tom"]
[Black "Aarts, Joaquin"]
[Result "1-0"]
[TimeControl "90min/40moves + 30min + 30sec/move"]
[WhiteElo "1672"]
[BlackElo "1631"]

1. e4 c5 2. Nf3 d6 3. Bb5+ Nd7 4. O-O a6 5. Bd3 Ngf6 6. Re1 e6 7. c3 b5 8. Bc2 c4 9. d4 cxd3 10.
Qxd3 Nc5 11. Qe2 Bb7 12. e5 dxe5 13. Nxe5 Qd5 14. f3 Bd6 15. b4 Bxe5 16. Rd1 Qc6 17. Qxe5 Ncd7 18. Qg3 e5 19.
Bf5 Rd8 20. Bg5 O-O 21. Nd2 Nb6 22. Ne4 Nbd5 23. Qh4 h5 24. Rxd5 Nxe4 25. Rxd8 Qb6+ 26. Kf1 Rxd8 27. Bxd8 Nd2+ 28.
Ke2 1-0

[Event "NJSK 2022 Jeugd B"]
[Site "Almelo, Netherlands"]
[Date "2022.05.04"]
[Round "4.7"]
[White "Bakija, Alan"]
[Black "Groen, Jari"]
[Result "1/2-1/2"]
[TimeControl "90min/40moves + 30min + 30sec/move"]
[WhiteElo "1868"]
[BlackElo "1750"]

1. Nf3 e6 2. c4 d5 3. e3 Nf6 4. b3 c5 5. cxd5 exd5 6. d4 a6 7. Bb2 Nc6 8. Nc3 Be7 9. a3 O-O 10.
dxc5 Bxc5 11. Ne2 Bg4 12. Ned4 Ne4 13. Be2 Qa5+ 14. Kf1 Bd6 15. Nxc6 bxc6 16. b4 Qc7 17. Rc1 Bd7 18. Qd4 f6 19.
h3 Qb7 20. g4 Rae8 21. Ba1 Be5 22. Qd3 Bc8 23. Kg2 Qd7 24. Nd2 Bxa1 25. Rxa1 f5 26. f3 Nxd2 27. Qxd2 Qe7 28. Kf2 fxg4 29.
hxg4 Bxg4 30. Rag1 Qe4 31. f4 Bxe2 32. Kxe2 d4 33. Qa2+ Rf7 34. Rh3 dxe3 35. Rhg3 g6 36. Rf3 Kf8 37.
Rgg3 Qd5 38. Qb2 Qc4+ 39. Ke1 Kg8 40. f5 Qd5 41. fxg6 Qd2+ 42. Qxd2 exd2+ 43. Kxd2 Rxf3 44. gxh7+ Kxh7 45.
Rxf3 Kg6 46. Kc3 Re5 47. Kb3 c5 48. Ka4 cxb4 49. Kxb4 Rd5 50. Rc3 Kf7 51. Rc6 a5+ 52. Ka4 Ke7 53.
Ra6 Kd7 54. Rxa5 Rxa5+ 55. Kxa5 Kc8 56. Ka6 1/2-1/2

[Event "NJSK 2022 Jeugd B"]
[Site "Almelo, Netherlands"]
[Date "2022.05.04"]
[Round "4.8"]
[White "Alvares, Thomas"]
[Black "Blom, Rens"]
[Result "0-1"]
[TimeControl "90min/40moves + 30min + 30sec/move"]
[WhiteElo "1789"]
[BlackElo "1699"]

1. e4 d6 2. d4 Nf6 3. Nc3 g6 4. Be3 c6 5. a4 Nbd7 6. f4 e5 7. Nf3 Bg7 8. h3 Qe7 9. Bd3 Nh5 10.
fxe5 dxe5 11. O-O O-O 12. d5 Rd8 13. Bc4 Nf8 14. Bg5 Qc5+ 15. Kh2 f6 16. Bb3 fxg5 17. Nxg5 Be6 18. Qf3 cxd5 19.
Nxe6 Nxe6 20. Qf7+ Kh8 21. Qxe6 Nf4 22. Qg4 d4 23. Nd5 Nxd5 24.
Bxd5 Qxc2 25. Rac1 Qxa4 26. Rc7 Rf8 27. Rff7 Rxf7 28. Bxf7 Rf8 29. Bxg6 Qa5 30. Qd7 Rg8 31. Bf7 Bh6 32.
Bxg8 Bf4+ 33. g3 Qd2+ 34. Kh1 Qe1+ 35. Kg2 Qe2+ 36. Kh1 Qf3+ 37. Kg1 Be3+ 0-1

[Event "NJSK 2022 Jeugd B"]
[Site "Almelo, Netherlands"]
[Date "2022.05.04"]
[Round "4.9"]
[White "De Heij, Mees"]
[Black "Knol, Daniel"]
[Result "1-0"]
[TimeControl "90min/40moves + 30min + 30sec/move"]
[WhiteElo "1622"]
[BlackElo "1685"]

1. e4 c5 2. Nf3 e6 3. d4 cxd4 4. Nxd4 Nf6 5. Nc3 Nc6 6. Ndb5 d6 7. Bf4 e5 8. Bg5 a6 9. Na3 b5 10.
Nd5 Be7 11. Bxf6 Bxf6 12. c3 Be6 13.
Nc2 Bg5 14. Be2 O-O 15. Nce3 Bxe3 16. Nxe3 Rc8 17. O-O Ne7 18. a4 Qb6 19. Qd3 Bc4 20. Nxc4 bxc4 21. Qc2 d5 22. exd5 Nxd5 23.
Bf3 Nf4 24. Be4 g6 25. g3 Ne6 26. Qe2 Rfd8 27. Bg2 Rd3 28. Rab1 Qd6 29. Rfe1 f6 30. Rbd1 Nc5 31. Qg4 Ne6 32.
Be4 Rxd1 33. Rxd1 Qe7 34. Bd5 f5 35. Qe2 e4 36. Bxc4 Kg7 37. Bxa6 Rf8 38. Bb5 Qf6 39. Rd7+ Kh8 40. Bc4 Ng5 41. Qe3 f4 42. gxf4 Nf3+ 43.
Kf1 Qf5 44. Rd5 Qh3+ 45. Ke2 Qg4 46. h3 Nd4+ 47. Kd2 Nf3+ 48.
Kc2 Qg2 49. Kb3 Rb8+ 50. Rb5 Rd8 51. Kb4 Rd2 52. b3 Qxf2 53. Qxe4 Qe1 54. Qa8+ Kg7 55. Rb7+ Kh6 56. Qf8+ 1-0

[Event "NJSK 2022 Jeugd B"]
[Site "Almelo, Netherlands"]
[Date "2022.05.05"]
[Round "5.1"]
[White "Van der Hagen, Loek"]
[Black "Achuthan, Dylan"]
[Result "1-0"]
[TimeControl "90min/40moves + 30min + 30sec/move"]
[WhiteElo "2071"]
[BlackElo "1995"]

1. d4 Nf6 2. c4 g6 3. Nc3 d5 4. Bf4 Bg7 5. e3 O-O 6. cxd5 Nxd5 7. Nxd5 Qxd5 8. Bxc7 Nc6 9. Ne2 Bg4 10.
f3 Bxf3 11. gxf3 Qxf3 12. Rg1 Qxe3 13. Rg3 Qe4 14. Qd3 Qxd3 15. Rxd3 Rac8 16. Bf4 Nb4 17. Rad1 Nxd3+ 18. Rxd3 Rfd8 19.
Rc3 h6 20. Bg2 b6 21. a4 g5 22. Be3 e6 23. Bb7 Rb8 24. Rc7 Bf8 25. Bf3 a5 26. Bh5 Bb4+ 27. Kf2 Bd6 28. Rxf7 b5 29.
Nc3 Rf8 30. Rxf8+ Rxf8+ 31. Kg2 bxa4 32. Nxa4 Bf4 33. Bf2 Bxh2 34. Nc5 Bd6 35. Bg4 e5 36. Bg3 Rb8 37. b3 Re8 38. Ne4 Be7 39.
dxe5 Rb8 40. Be6+ Kf8 41. Nd6 h5 42. Be1 Bd8 43. Bc4 Ra8 44. Bd5 Ra7 45. Bf2 Rd7 46. Bc4 Be7 47. Nf5 Bb4 48. Be3 Rc7 49. Bxg5 a4 50.
Bh6+ Ke8 51. Bb5+ Kf7 52. bxa4 Ke6 53. Nd4+ Kxe5 54. Nc6+ Rxc6 55. Bxc6 Kf6 56. Kh3 Ke6 57. Kh4 Kd6 58.
Bb5 Kc7 59. Kxh5 Kb6 60. Kg4 Ka5 61. Kf5 Kb6 62. Ke4 Ka5 63. Kd5 Kb6 64. Bf4 Ba5 65. Be3+ Kb7 66. Kc4 Kc7 67. Be8 Kb7 68.
Kb5 Bc7 69. Bc6+ Kb8 70. Bb6 1-0

[Event "NJSK 2022 Jeugd B"]
[Site "Almelo, Netherlands"]
[Date "2022.05.05"]
[Round "5.2"]
[White "Wage, Sander"]
[Black "Slagboom, Leandro"]
[Result "0-1"]
[TimeControl "90min/40moves + 30min + 30sec/move"]
[WhiteElo "1859"]
[BlackElo "1997"]

1. d4 d5 2. Bf4 c5 3. e3 Nc6 4. c3 Qb6 5. Qb3 c4 6. Qc2 e5 7. dxe5 Bf5 8. Qc1 g5 9. Bg3 h5 10.
h3 Bg7 11. Nf3 g4 12. hxg4 hxg4 13. Rxh8 Bxh8 14. Nd4 Nge7 15. Nd2 Bxe5 16. Bxe5 Nxe5 17. e4 Bxe4 18. Nxe4 dxe4 19. Qc2 O-O-O 20. O-O-O Nd3+ 21. Bxd3 cxd3 22. Qa4 Kb8 23. Qa3 Nc6 24. Nxc6+ Qxc6 25. Qe7 Qd5 26. Kb1 f5 27. c4 Qd4 28.
c5 Rc8 29. c6 Rxc6 30. Qf8+ Rc8 31. Qxf5 Qc4 32. Qf4+ Ka8 33. Rc1 0-1

[Event "NJSK 2022 Jeugd B"]
[Site "Almelo, Netherlands"]
[Date "2022.05.05"]
[Round "5.3"]
[White "Labruyere, Roger"]
[Black "Van Egmond, Tom"]
[Result "1-0"]
[TimeControl "90min/40moves + 30min + 30sec/move"]
[WhiteElo "2199"]
[BlackElo "1672"]

1. d4 d5 2. Nf3 e6 3. c4 a6 4. cxd5 exd5 5. Nc3 c6 6.
Bg5 Be7 7. Bxe7 Nxe7 8. e3 O-O 9. Bd3 Bf5 10. O-O Nd7 11. b4 Nb6 12. a4 Re8 13. Rb1 f6 14. Ne2 Bxd3 15. Qxd3 Nec8 16.
Nc3 Nd6 17. Nd2 Qe7 18. Rfe1 Rad8 19. b5 axb5 20. axb5 Nbc4 21. f3 Qf7 22. Nxc4 Nxc4 23. Nd1 Ra8 24. Rb3 Ra1 25. bxc6 bxc6 26.
Qc3 Ra2 27. Nf2 Rea8 28. Reb1 Qc7 29. Rb7 Qd6 30. Ne4 Qf8 31. Nc5 Qd6 32. Rd7 Rxg2+ 33. Kxg2 Ra2+ 34. Rb2 Nxb2 35. Qb3 Nd1+ 36.
Qxa2 Nxe3+ 37. Kh3 Qb8 38.
Qa7 1-0

[Event "NJSK 2022 Jeugd B"]
[Site "Almelo, Netherlands"]
[Date "2022.05.05"]
[Round "5.4"]
[White "Klaren, Oscar"]
[Black "Smid, Jelle"]
[Result "1/2-1/2"]
[TimeControl "90min/40moves + 30min + 30sec/move"]
[WhiteElo "1878"]
[BlackElo "1450"]

1. e4 c5 2. Nf3 Nc6 3. Bb5 g6 4. O-O Bg7 5. Re1 e5 6. Bxc6 dxc6 7. d3 Qe7 8. a3 a5 9. Be3 Nf6 10.
a4 b6 11. Na3 Ba6 12. b3 O-O 13. Nc4 Nd7 14. Qd2 Rfb8 15. Bh6 f6 16. Bxg7 Kxg7 17. Ne3 Nf8 18. Rf1 Ne6 19. Nh4 Kh8 20.
g3 Rg8 21. Kh1 Raf8 22. Rae1 Bc8 23. Nc4 Qd8 24. Ng2 Ba6 25. f4 Bxc4 26. bxc4 Qd7 27. Rb1 Rb8 28. f5 gxf5 29. Rxf5 Rgf8 30.
Rbf1 b5 31. cxb5 cxb5 32. Rxf6 Rxf6 33. Rxf6 b4 34. Qh6 b3 35. cxb3 Qxd3 36. Ne3 Qxe4+ 37. Kg1 Ng7 38. Nf5 Qe1+ 39.
Kg2 Qe2+ 40. Kg1 Qe1+ 41. Kg2 Qe2+ 42. Kg1 Qe1+ 1/2-1/2

[Event "NJSK 2022 Jeugd B"]
[Site "Almelo, Netherlands"]
[Date "2022.05.05"]
[Round "5.5"]
[White "Groen, Jari"]
[Black "Niemeijer, Leon"]
[Result "1-0"]
[TimeControl "90min/40moves + 30min + 30sec/move"]
[WhiteElo "1750"]
[BlackElo "1693"]

1. e4 e6 2. d4 d5 3. Nc3 Nf6 4. e5 Nfd7 5. f4 c5 6. Nf3 Nc6 7. Be3 cxd4 8. Nxd4 Qb6 9. a3 Bc5 10.
Ncb5 O-O 11. b4 Bxd4 12. Nxd4 Nxd4 13. Bxd4 Qc7 14. Bd3 f5 15. exf6 Nxf6 16. O-O Ne4 17. Qh5 Bd7 18. Rae1 Rxf4 19.
Rxf4 Qxf4 20. Bxe4 dxe4 21. Rf1 g6 22. Qc5 Qh4 23. Qe5 1-0

[Event "NJSK 2022 Jeugd B"]
[Site "Almelo, Netherlands"]
[Date "2022.05.05"]
[Round "5.6"]
[White "Aarts, Joaquin"]
[Black "De Rooij, Kevin"]
[Result "1/2-1/2"]
[TimeControl "90min/40moves + 30min + 30sec/move"]
[WhiteElo "1631"]
[BlackElo "1584"]

1. d4 d5 2. Bf4 c5 3. e3 cxd4 4. exd4 Nc6 5. c3 Nf6 6. Bd3 Bg4 7. Qb3 Qb6 8. h3 Bd7 9. Nd2 Qxb3 10.
axb3 e6 11. Ngf3 Be7 12. O-O O-O 13. Ra2 Rfd8 14. Rfa1 a6 15. b4 Na7 16. Bxa6 bxa6 17. Rxa6 Nh5 18. Bh2 Bb5 19. Rxa7 Rxa7 20. Rxa7 Kf8 21. Rb7 Ba6 22. Rb8 Bc8 23. Ne5 Bd6 24.
Ng6+ fxg6 25. Bxd6+ Rxd6 26. Rxc8+ Ke7 27. Ra8 Nf4 28. Kf1 Rc6 29. g3 Nd3 30. Ke2 Nxb2 31. Ra2 Nc4 32. Nxc4 Rxc4 33.
Kd3 Rc7 34. f4 Kd6 35. Ra6+ Kd7 36. b5 h6 37. b6 Rb7 38. Ra7 Kc6 39. Rxb7 Kxb7 40. c4 dxc4+ 41. Kxc4 Kxb6 42. d5 Kc7 1/2-1/2

[Event "NJSK 2022 Jeugd B"]
[Site "Almelo, Netherlands"]
[Date "2022.05.05"]
[Round "5.7"]
[White "Wierenga, Jael"]
[Black "Bakija, Alan"]
[Result "0-1"]
[TimeControl "90min/40moves + 30min + 30sec/move"]
[WhiteElo "1691"]
[BlackElo "1868"]

1. d4 d5 2. c4 c6 3. Nc3 Nf6 4. cxd5 cxd5 5. Bf4 a6 6. e3 Bf5 7. Qb3 Nc6 8. Nf3 e6 9. Nh4 Be4 10.
f3 Bg6 11. Nxg6 hxg6 12. Qxb7 Na5 13. Qc7 Qxc7 14. Bxc7 Nc4 15. Bxc4 dxc4 16. e4 Ra7 17. Ba5 Rb7 18. O-O-O Nh5 19.
g3 Be7 20. d5 e5 21. d6 Bg5+ 22. Kc2 Be3 23. Rhe1 Bd4 24. Rd2 Nf6 25. Kb1 Nd7 26. Nd5 Nc5 27. Rc1 Rb5 28. Nc7+ Kd7 29. Nxb5 axb5 30. Re2 Nd3 31. Rd1 Kxd6 32. Bc3 g5 33. Bxd4 exd4 34. b3 Kc5 35.
a4 Rb8 36. Rc2 Nb4 37. Rcd2 Nc6 38. axb5 Rxb5 39. Ka2 Rxb3 40. f4 Nb4+ 41. Ka1 c3 42. Rc1 Kc4 43. fxg5 d3 44. e5 Ra3+ 45.
Kb1 c2+ 46. Rcxc2+ dxc2+ 47. Kb2 Ra2+ 0-1

[Event "NJSK 2022 Jeugd B"]
[Site "Almelo, Netherlands"]
[Date "2022.05.05"]
[Round "5.8"]
[White "Alvares, Thomas"]
[Black "De Heij, Mees"]
[Result "1-0"]
[TimeControl "90min/40moves + 30min + 30sec/move"]
[WhiteElo "1789"]
[BlackElo "1622"]

1. e4 c5 2. Nc3 Nc6 3. g3 e6 4. Bg2 d6 5. f4 Nge7 6. Nf3 g6 7. O-O Bg7 8. d3 O-O 9. h3 e5 10.
g4 f6 11. Be3 a6 12. Qd2 b6 13. f5 Nd4 14. fxg6 hxg6 15. Ne2 Nxe2+ 16. Qxe2 Ra7 17. c3 Bd7 18. a4 Bc6 19. Nd2 d5 20.
d4 cxd4 21. cxd4 exd4 22. Bxd4 dxe4 23. Qf2 Rd7 24. Bxb6 Rxd2 25. Bxd8 Rxf2 26. Bxe7 Rxf1+ 27. Bxf1 Re8 28. Bc4+ Kh7 29.
Bc5 f5 30. gxf5 gxf5 31. Rf1 Kg6 32. a5 e3 33. Be2 Bxb2 34. Rb1 Bf6 35. Rb6 Bb5 36. Kf1 f4 37. Bd4 Rf8 38. Bxb5 axb5 39.
Rxf6+ Rxf6 40. Bxf6 Kxf6 41. a6 Ke5 42. a7 Kd4 43. a8=Q b4 44. Qc6 b3 45. Ke2 f3+ 46. Qxf3 Kc3 47. Qxe3+ Kb2 48. h4 Ka1 49. h5 b2 50.
Qa3+ Kb1 51. Qxb2+ 1-0

[Event "NJSK 2022 Jeugd B"]
[Site "Almelo, Netherlands"]
[Date "2022.05.05"]
[Round "5.9"]
[White "Blom, Rens"]
[Black "Knol, Daniel"]
[Result "1/2-1/2"]
[TimeControl "90min/40moves + 30min + 30sec/move"]
[WhiteElo "1699"]
[BlackElo "1685"]

1. c4 e5 2. Nc3 Nf6 3. Nf3 Nc6 4. e4 Bb4 5. d3 d6 6. g3 Bg4 7. Bg2 Nd4 8. h3 Bxf3 9. Bxf3 Bc5 10. O-O O-O 11. Bg2 c6 12. Kh2 Nd7 13. Ne2 Qb6 14. f4 exf4 15.
gxf4 f5 16. Ng3 Rae8 17. Bd2 a5 18. Bc3 g6 19. exf5 Nxf5 20. Nxf5 gxf5 21. Re1 Bd4 22. Qh5 Rxe1 23. Rxe1 Bxc3 24.
bxc3 Qf2 25. Re7 Qxf4+ 26. Kh1 Qc1+ 27. Kh2 Qf4+ 28. Kg1 Qc1+ 29. Kf2 Qd2+ 30. Kf3 Ne5+ 1/2-1/2

[Event "NJSK 2022 Jeugd B"]
[Site "Almelo, Netherlands"]
[Date "2022.05.06"]
[Round "6.1"]
[White "Slagboom, Leandro"]
[Black "Labruyere, Roger"]
[Result "1-0"]
[TimeControl "90min/40moves + 30min + 30sec/move"]
[WhiteElo "1997"]
[BlackElo "2199"]

1. e4 c5 2. Nf3 d6 3. d4 cxd4 4. Nxd4 Nf6 5. Nc3 e6 6. Be3 a6 7. f3 Nc6 8. Qd2 Be7 9. O-O-O Qa5 10.
Kb1 Nxd4 11. Bxd4 e5 12. Be3 Be6 13. g4 h6 14. Rg1 Rc8 15. Nd5 Qxd2 16. Rxd2 Bxd5 17. exd5 Nd7 18. f4 Bf6 19.
g5 hxg5 20. fxg5 Bd8 21. Rg4 Nc5 22. b4 Nd7 23. c4 Bb6 24. Bxb6 Nxb6 25. Kb2 Nd7 26. h4 Rc7 27. Bd3 Ke7 28.
Rh2 g6 29. Kb3 b6 30. h5 gxh5 31. Rgh4 a5 32. a3 axb4 33. axb4 Ra7 34. Ra2 Rxa2 35. Kxa2 Nf8 36. Be2 Ng6 37.
Rxh5 Ra8+ 38. Kb3 Nf4 39. Rh2 Rg8 40. Ka4 Rxg5 41. Kb5 Ng6 42. Kxb6 Nf8 43. Kc7 Rg3 44. c5 Rc3 45. c6 Ng6 46.
Kb8 Kf6 47. Rf2+ Kg7 48. Bh5 Rb3 49. Bxg6 Rxb4+ 50. Kc7 Kxg6 51. Kxd6 e4 52. c7 Rc4 53. Kd7 e3 54. Re2 Rd4 55.
c8=Q Rxd5+ 56. Ke7 Re5+ 57. Kd6 f6 58. Qc3 Rg5 59. Rxe3 Kf7 60. Rf3 Rg6 61. Qc7+ Kg8 62. Qd8+ Kg7 63.
Ke7 1-0

[Event "NJSK 2022 Jeugd B"]
[Site "Almelo, Netherlands"]
[Date "2022.05.06"]
[Round "6.2"]
[White "Smid, Jelle"]
[Black "Van der Hagen, Loek"]
[Result "1/2-1/2"]
[TimeControl "90min/40moves + 30min + 30sec/move"]
[WhiteElo "1450"]
[BlackElo "2071"]

1. d4 Nf6 2. Nc3 d5 3. Bf4 e6 4. e3 Be7 5.
Nf3 O-O 6. Bd3 a6 7. O-O Nh5 8. Ne5 Nxf4 9. exf4 g6 10. Re1 c5 11. dxc5 Bxc5 12. Qg4 Qf6 13. Qg5 Be7 14. h4 Nc6 15.
Nxd5 exd5 16. Nxc6 bxc6 17. Rxe7 Qxb2 18. Rae1 Qg7 19. h5 h6 20. Qh4 gxh5 21. R1e3 Bg4 22. Rg3 Rab8 23. c3 Rfe8 24.
Rxe8+ Rxe8 25. f3 Qxc3 26. fxg4 Qd4+ 27. Kh2 Re3 28. gxh5+ Rxg3 29. Qxg3+ Kf8 30. f5 Qf6 31. Bxa6 Qxf5 32. Qf3 Qe5+ 33. g3 c5 34.
Qe2 Qd4 35. a4 Qxa4 36. Bb5 Qd4 37. Qe8+ Kg7 38. Qe2 c4 39. Kh3 c3 40. Bd3 Kf8 41. Kg2 Kg7 1/2-1/2

[Event "NJSK 2022 Jeugd B"]
[Site "Almelo, Netherlands"]
[Date "2022.05.06"]
[Round "6.3"]
[White "Achuthan, Dylan"]
[Black "Klaren, Oscar"]
[Result "1/2-1/2"]
[TimeControl "90min/40moves + 30min + 30sec/move"]
[WhiteElo "1995"]
[BlackElo "1878"]

1. e4 c5 2. Nf3 Nc6 3. c3 Nf6 4. e5 Nd5 5. Bb5 g6 6. O-O Bg7 7. Re1 O-O 8. d4 cxd4 9. cxd4 d6 10.
Nc3 Nxc3 11. bxc3 dxe5 12. Bxc6 bxc6 13. Nxe5 Be6 14. Ba3 Qc7 15. Qa4 Rac8 16. Bc5 Rfd8 17. Nd3 Rd5 18. Qxa7 Qxa7 19.
Bxa7 Ra5 20. Bc5 Rxa2 21. Rxa2 Bxa2 22. Rxe7 Bc4 23. Nb4 Bf6 24. Nxc6 Bb5 25. Na7 Rxc5 26. dxc5 Bxe7 27. Nxb5 Bxc5 28. Kf1 Kf8 29. Nd4 Ke7 30.
Ke2 Kd6 31. Kd3 Kd5 32. f3 h5 33. Ne2 Bd6 34. g3 g5 35. c4+ Ke5 36. Nc3 f5 37. Ne2 Bc5 38. Kd2 Bb6 39. Kd3 Bc5 40.
f4+ Kf6 41. Kc3 g4 42. Kb3 Ke6 43. Ka4 Kd6 44. Kb5 Be3 45. c5+ Bxc5 46. Kc4 Kc6 47. Nd4+ Bxd4 48. Kxd4 Kd6 1/2-1/2

[Event "NJSK 2022 Jeugd B"]
[Site "Almelo, Netherlands"]
[Date "2022.05.06"]
[Round "6.4"]
[White "De Rooij, Kevin"]
[Black "Groen, Jari"]
[Result "1/2-1/2"]
[TimeControl "90min/40moves + 30min + 30sec/move"]
[WhiteElo "1584"]
[BlackElo "1750"]

1. c4 e6 2. e4 d5 3. cxd5 exd5 4. exd5 Nf6 5. Nc3 g6 6. Nf3 Bg7 7. Bb5+ Nbd7 8. Qe2+ Qe7 9. Qxe7+ Kxe7 10. O-O Rd8 11. d6+ cxd6 12.
d4 Nb6 13. Bg5 h6 14. Rfe1+ Kf8 15. Bf4 Bg4 16. Nd2 Nfd5 17. Nxd5 Nxd5 18. Be3 Nxe3 19. fxe3 Rac8 20. Rac1 Bf5 21.
Nb3 Rxc1 22. Rxc1 Rc8 23. Rc3 Rxc3 24. bxc3 b6 25. Nd2 Ke7 26. Kf2 d5 27. h3 g5 28. g4 Bg6 29. Ke2 Ke6 30.
Kf3 Bf8 31. c4 Bb4 32. cxd5+ Kd6 33. Ne4+ Kxd5 34. Nf6+ Ke6 35. Ne8 Bf8 36. Bc4+ Kd7 37. Nf6+ Ke7 38. Ne4 Bg7 39. Ng3 Bf8 40.
e4 f6 41. Nf5+ Bxf5 42. gxf5 h5 43. e5 Bh6 44. Ke4 g4 45. hxg4 hxg4 46. Kd5 g3 47. Bf1 Be3 48. Bg2 Bf2 49.
Kc4 Be3 50. e6 Kd6 51. a4 Bf2 52. d5 Be3 53. Kb5 Bc5 54. Bh1 Kc7 55.
Ka6 Kb8 56. Bf3 Ba3 57. Kb5 Kc7 58. Bg2 Bd6 59. Kc4 Ba3 60. Kd4 Bc5+ 61. Ke4 Kd6 62. Kf4 Bf2 63. Kg4 Ke7 64. Kh5 Bc5 65. Kg6 Ba3 1/2-1/2

[Event "NJSK 2022 Jeugd B"]
[Site "Almelo, Netherlands"]
[Date "2022.05.06"]
[Round "6.5"]
[White "Niemeijer, Leon"]
[Black "Bakija, Alan"]
[Result "1/2-1/2"]
[TimeControl "90min/40moves + 30min + 30sec/move"]
[WhiteElo "1693"]
[BlackElo "1868"]

1. d4 d5 2. c4 c6 3. Nf3 Nf6 4. e3 a6 5. Nc3 Bf5 6. a3 e6 7. Nh4 Be4 8. Nxe4 Nxe4 9. Nf3 Qa5+ 10.
Bd2 Nxd2 11. Qxd2 Qxd2+ 12. Kxd2 Nd7 13. c5 e5 14. Nxe5 Nxe5 15. dxe5 Bxc5 16. b4 Be7 17. Bd3 f6 18.
e6 Bd6 19. f4 Ke7 20. f5 a5 21. b5 c5 22. a4 Rad8 23. Rad1 Be5 24. Kc2 b6 25. e4 dxe4 26. Bxe4 Rxd1 27.
Rxd1 Rd8 28. Rxd8 Kxd8 29. h3 Ke7 30. Kd3 Bc7 31. Bd5 Bd8 32. Ke4 Kd6 33. Bc4 Be7 34. g3 Bd8 1/2-1/2

[Event "NJSK 2022 Jeugd B"]
[Site "Almelo, Netherlands"]
[Date "2022.05.06"]
[Round "6.6"]
[White "Van Egmond, Tom"]
[Black "Wage, Sander"]
[Result "1/2-1/2"]
[TimeControl "90min/40moves + 30min + 30sec/move"]
[WhiteElo "1672"]
[BlackElo "1859"]

1. e4 c5 2. Nf3 Nc6 3. Bb5 g6 4. O-O Bg7 5. c3 e5 6. d4 cxd4 7. cxd4 exd4 8. Bf4 a6 9. Ba4 Nge7 10.
Bd6 b5 11. Bb3 O-O 12. Nbd2 Bb7 13. Re1 h6 14. a4 Re8 15. Qe2 Nc8 16. Bc5 bxa4 17. Rxa4 d6 18. Bb4 a5 19. Qb5 Qc7 20.
Bxa5 Rxa5 21. Rxa5 Qxa5 22. Qxb7 N8e7 23. Nc4 Qd8 24. Ba4 Qa8 25. Qxa8 Rxa8 26. Bxc6 Nxc6 27. Nxd6 Rb8 28. Rb1 Rb4 29.
Nd2 Na5 30. f4 d3 31. e5 Rxf4 32. b4 Bxe5 33. g3 Rg4 34. Nxf7 Kxf7 35. bxa5 Ra4 36. Nb3 Bc3 37. Rd1 Ra3 38.
Nd2 Rxa5 39. Ne4 Bd4+ 40. Kf1 1/2-1/2

[Event "NJSK 2022 Jeugd B"]
[Site "Almelo, Netherlands"]
[Date "2022.05.06"]
[Round "6.7"]
[White "Aarts, Joaquin"]
[Black "Alvares, Thomas"]
[Result "1/2-1/2"]
[TimeControl "90min/40moves + 30min + 30sec/move"]
[WhiteElo "1631"]
[BlackElo "1789"]

1. d4 Nf6 2. Bf4 d5 3. e3 c5 4. c3 Nc6 5. Nf3 Qb6 6. Qb3 c4 7. Qc2 Bf5 8. Qc1 Nh5 9. Bg3 Nxg3 10.
hxg3 g6 11. Nbd2 h5 12. Nh4 Bd7 13. e4 e6 14. e5 Bh6 15. Be2 Qa5 16. Nhf3 b5 17. a3 Qb6 18. Ng1 a5 19. f4 Rb8 20.
Nh3 b4 21. axb4 axb4 22. O-O Ne7 23. Kh2 Nf5 24. Nf3 Ke7 25. Bd1 Ra8 26. Re1 Bc6 27. Bc2 Rxa1 28. Qxa1 Ra8 29. Qc1 bxc3 30.
bxc3 Ra2 31. Bb1 Ra1 32. Qc2 Ba4 33. Qc1 Bf8 34. Rf1 Ke8 35. Nd2 Ba3 36. Qe1 Bc2 37. Qf2 Rxb1 38. Nxb1 Bxb1 39.
Qd2 Kf8 40. Ng5 Bd3 41. Qa2 Bxf1 42. Qxa3+ Kg7 43. Kh3 Be2 44. Qa4 Qb1 45. Kh2 Nh6 46. Nxe6+ fxe6 47. Qd7+ Nf7 48. Qxe6 Qf5 49.
Qxd5 h4 50. gxh4 Qxf4+ 51. Kg1 Bd3 52. e6 Be4 53. Qd7 Qe3+ 54. Kh2 Qf2 55. Qxf7+ Qxf7 56. exf7 Kxf7 57. g4 Ke6 58. Kg3 Kf6 59.
Kf4 Bd5 60. Ke3 Bf7 61. Kf4 Bd5 1/2-1/2